 Dungeon Crawl Stone Soup version 0.32-a0-913-g739538afd8 (console) character file.

Game seed: 12422123119712056196

116 rossyrg the Cudgeller (level 4, -8/40 HPs)
             Began as a Mountain Dwarf Monk on Apr 9, 2024.
             Killed by divine providence
             ... invoked by an orc priest
              (12 damage)
             ... on level 3 of the Dungeon.
             The game lasted 00:05:34 (1734 turns).

rossyrg the Cudgeller (Mountain Dwarf Monk)         Turns: 1734, Time: 00:05:34

Health: -8/40      AC: 10    Str: 17    XL:     4   Next: 70%
Magic:  4/4        EV: 11    Int: 17    God:
Gold:   184        SH:  0    Dex: 16    Spells: 3/3 levels left

rFire   x . .        a - +0 mace
rCold   . . .        d - orb {light}
rNeg    . . .        o - +5 ring mail of the Tanner {Fly rF- Str+2 Int+3}
rPois   .            (no helmet)
rElec   .            p - scarf of Uhuiso Zegh {repulsion, Int+3 Dex+4}
rCorr   .            (no gloves)
SInv    .            (no boots)
Will    .....        (no amulet)
Stlth   +            (no ring)
HPRegen 0.26/turn    (no ring)
MPRegen 0.09/turn

%: repel missiles
@: flying, glowing
A: runic magic, artefact enchanting
a: Convert to Beogh


You were on level 3 of the Dungeon.
You visited 1 branch of the dungeon, and saw 3 of its levels.

You collected 184 gold pieces.

Inventory:

Hand Weapons
 a - a +0 mace (weapon)
Missiles
 g - 27 stones (quivered)
Armour
 b - a +0 robe
 d - an orb of light (worn)
 i - a +0 scale mail
 o - the +5 ring mail of the Tanner (worn) {Fly rF- Str+2 Int+3}
   (You found it on level 2 of the Dungeon)

   Str+2:     It affects your strength (+2).
   Int+3:     It affects your intelligence (+3).
   rF-:       It makes you vulnerable to fire.
   Fly:       It grants you flight.
 p - the scarf of Uhuiso Zegh (worn) {repulsion, Int+3 Dex+4}
   (You found it on level 2 of the Dungeon)

   Int+3:     It affects your intelligence (+3).
   Dex+4:     It affects your dexterity (+4).
Talismans
 e - a blade talisman
Scrolls
 h - a scroll of noise
 m - a scroll of revelation
 q - a scroll of poison {unknown}
 r - a scroll of fear
Potions
 c - a potion of ambrosia
 f - a potion of mutation
 j - a potion of enlightenment
 k - a potion of curing {unknown}
 l - a potion of invisibility {unknown}
 n - a potion of resistance {unknown}


   Skills:
 + Level 4.2 Fighting
 + Level 4.5 Maces & Flails
 + Level 2.1 Armour
 + Level 2.8 Dodging


You had 3 spell levels left.
You didn't know any spells.
Your spell library contained the following spells:

 Spells                   Type           Power      Damage    Failure   Level
 Sandblast                Erth           0%         2d4       26%         1
 Slow                     Hex            0%         N/A       26%         1
 Confusing Touch          Hex            0%         N/A       63%         3
 Hailstorm                Conj/Ice       0%         3d5       63%         3
 Stone Arrow              Conj/Erth      0%         3d7       63%         3
 Summon Ice Beast         Ice/Summ       0%         N/A       63%         3
 Vampiric Draining        Necr           0%         2d6       63%         3
 Brom's Barrelling Bould  Conj/Erth      0%         2d3       95%         4
 Permafrost Eruption      Ice/Erth       0%         2x4d1     100%        6
 Sculpt Simulacrum        Ice/Alch       0%         N/A       100%        6


Dungeon Overview and Level Annotations

Branches:
Dungeon (3/15)

Altars:


Innate Abilities, Weirdness & Mutations

Your spellcasting is much less encumbered by armour.
You can use scrolls of enchantment on lesser artefacts.


Message History

Beogh smites you!
The orc priest begins to cast a cantrip, but forgets the words!
The orc hits you with a +0 whip.
The orc priest shouts, "The Pantheon deserves no one's loyalty.
Let us show you the true path!" (press Y on the ability menu to convert to Beogh)
You hit the orc priest but do no damage.
The orc hits you but does no damage.
An orc priest comes into view. It is wielding a +0 war axe.
The orc priest hits you with a +2 flail of holy wrath.
You hit the orc priest.
The orc priest is lightly wounded.
The orc misses you.
The orc priest calls upon Beogh to heal the orc priest.
The orc priest's wounds heal themselves!
The orc priest invokes the aid of Beogh against you.
Pain shoots through your body!
You hit the orc priest but do no damage.
The orc priest shouts, "The Pantheon deserves no one's loyalty.
Let us show you the true path!" The orc hits you but does no damage.
The orc priest miscasts a cantrip.
The orc priest hits you with a +2 flail of holy wrath.
* * * LOW HITPOINT WARNING * * *
You hit the orc priest but do no damage.
The orc priest threatens, "Beogh's wrath is as vast as their mercy.
Make your choice!" The orc hits you with a +0 whip.
* * * LOW HITPOINT WARNING * * *
The orc priest closely misses you.
You hit the orc priest.
The orc priest is moderately wounded.
The orc closely misses you. The orc priest closely misses you.
The orc priest hits you with a +2 flail of holy wrath!
* * * LOW HITPOINT WARNING * * *
The orc hits you but does no damage.
The orc priest looks satisfied for a moment.
You sock the orc priest!
The orc priest is almost dead.
The orc hits you but does no damage.
The orc priest mumbles some strange prayers to Beogh against you.
Beogh smites you!
You die...

.... ..### #...
..#ß### #...
....... #... .....
#... .... #... ..#
#...#o.#####
#ooo....#
##########@#......
...........# .o...
##.........# o...
#.. # ..........#
... ß... .
#........# .#
##...###
......#.### #
#....... #####.#.#
#.......
########...#
####.......
..........## ##.
#...........
...####...# ....
............
#.........#.....
............


You could see 2 orc priests and 2 orcs.

Vanquished Creatures
  An adder (D:2)
  3 dart slugs
  A ribbon worm (D:2)
  An orc (D:3)
  6 ball pythons
  5 bats
  7 endoplasms
  10 giant cockroaches
  4 goblins
  6 hobgoblins
  18 jackals
  8 kobolds
  4 quokkas
  3 frilled lizards
  4 rats
81 creatures vanquished.

Notes
Turn   | Place    | Note
-------+----------+-------------------------------------------
     0 | D:1      | rossyrg the Mountain Dwarf Monk began the quest for the
                  | Orb.
     0 | D:1      | Reached XP level 1. HP: 19/19 MP: 1/1
     3 | D:1      | Found a runed translucent door.
    85 | D:1      | Reached XP level 2. HP: 17/26 MP: 2/2
    93 | D:1      | Reached skill level 1 in Armour
   371 | D:1      | Reached XP level 3. HP: 23/33 MP: 3/3
   395 | D:1      | Found a faded altar of an unknown god.
   983 | D:2      | Reached XP level 4. HP: 37/40 MP: 4/4
  1373 | D:2      | Identified the +5 ring mail of the Tanner {Fly rF- Str+2
                  | Int+3}
  1481 | D:2      | Identified the scarf of Uhuiso Zegh {repulsion, Int+3
                  | Dex+4}
  1734 | D:3      | Killed from afar by an orc priest

Illustrated notes

Levels and vault maps discovered:
D:1:      dpeg_arrival_caged_fury, layout_basic,
          nicolae_ecumenical_snake_handling, minmay_pentomino_p4
D:2:      layout_basic, grunt_ministairs_6
D:3:      gammafunk_wand_slinger, layout_basic, nzn_wu_jian_council_hall,
          serial_corexii_hall, corexii_hall_statues_x,
          chequers_hall_statues_wall_a, uniq_jessica

Skill      XL: |  1  2  3  4 |
---------------+-------------+-----
Armour         | 1 2 |  2.1
Maces & Flails | 4 |  4.5
Fighting       | 4 |  4.2
Dodging        | |  2.8

Action                     |  1- 3 |  4- 6 || total
---------------------------+-------+-------++-------
  Melee: Mace              |   127 |    86 ||   213
    Use: Scroll            |     4 |     2 ||     6
 Armour: Robe              |    72 |    33 ||   105
         Ring mail         |       |    33 ||    33
         Scale mail        |       |     7 ||     7
  Dodge: Dodged            |   112 |    50 ||   162

Table legend: (Time is in decaauts)
 A = Elapsed time spent in this place.
 B = Non-inter-level travel time spent in this place.
 C = Inter-level travel time spent in this place.
 D = Time resting spent in this place.
 E = Time spent auto-exploring this place.
 F = Levels seen in this place.
 G = Mean time per level.
                   A        B        C        D        E       F      G
               +--------+--------+--------+--------+--------+-----+--------+
         Total |   1775 |   1759 |     16 |    113 |    982 |   3 |  591.7 |
       Dungeon |   1775 |   1759 |     16 |    113 |    982 |   3 |  591.7 |
               +--------+--------+--------+--------+--------+-----+--------+

Top non-repeatable levels by time:
     D:1: 999 daAuts
     D:2: 672 daAuts
     D:3: 102 daAuts
